 Dungeon Crawl Stone Soup version 0.16.1-17-g773cdaf (webtiles) character file.

12917 jacksonaction the Basher (level 11, -4/89 HPs)
             Began as a Minotaur Fighter on Apr 23, 2015.
             Was a Priest of Okawaru.
             Killed from afar by Nergalle (30 damage)
             ... with a bolt of negative energy
             ... on level 2 of the Orcish Mines.
             The game lasted 01:02:05 (12258 turns).

jacksonaction the Basher (Minotaur Fighter)        Turns: 12258, Time: 01:02:08

Health: -4/89      AC: 15    Str: 23    XL:     11   Next: 68%
Magic:  18/18      EV: 10    Int:  5    God:    Okawaru [***...]
Gold:   358        SH: 11    Dex: 11    Spells: 0 memorised, 10 levels left

rFire  . . .     SeeInvis +     a - +2 whip (freeze)
rCold  + . .     Clarity  +     F - +3 scale mail {MR+}
rNeg   . . .     SustAb   .     n - +0 shield
rPois  .         Gourm    .     (helmet restricted)
rElec  .         Spirit   .     m - +1 cloak
rCorr  .         Warding  .     M - +0 pair of gloves {archery}
rMut   .         Stasis   .     e - +0 pair of boots
MR     +....                    V - amulet of clarity
Stlth  ..........               z - ring of see invisible
                                p - ring of protection from cold

@: heavily drained, somewhat resistant to hostile enchantments, extremely
unstealthy
A: retaliatory headbutt, horns 2
a: Heroism, Renounce Religion


You were on level 2 of the Orcish Mines.
You worshipped Okawaru.
Okawaru was most pleased with you.
You were very full.

You visited 3 branches of the dungeon, and saw 13 of its levels.

You collected 743 gold pieces.
You spent 385 gold pieces at shops.

Inventory:

Hand weapons
 a - a +2 whip of freezing (weapon)
 b - a +0 blowgun
Missiles
 f - 76 poisoned needles
 q - 8 needles of slowing
 x - 6 needles of sleeping
 y - 2 needles of frenzy
 I - 6 tomahawks (quivered)
 S - 8 silver sling bullets
Armour
 e - a +0 pair of boots (worn)
 m - a +1 cloak (worn)
 n - a +0 shield (worn)
 F - a +3 scale mail of magic resistance (worn)
 M - a +0 pair of gloves of archery (worn)
Jewellery
 k - an uncursed amulet of the gourmand
 p - a ring of protection from cold (left hand)
 z - a ring of see invisible (right hand)
 K - an uncursed amulet of resist corrosion
 R - an uncursed amulet of rage
 V - an amulet of clarity (around neck)
Magical devices
 o - a wand of fire (5)
 w - a wand of digging (10)
 O - a wand of cold (8)
Scrolls
 g - 3 scrolls of fear
 v - 2 scrolls of magic mapping {unknown}
 B - 3 scrolls of enchant armour
 D - 2 scrolls of enchant weapon
 E - 2 scrolls of remove curse
 G - 3 scrolls of recharging
 L - a scroll of brand weapon {unknown}
 P - a scroll of torment {unknown}
 Q - 5 scrolls of teleportation
 T - 2 scrolls of immolation {unknown}
Potions
 c - a potion of magic {unknown}
 i - 4 potions of curing
 r - 2 potions of cancellation {unknown}
 s - a potion of berserk rage {unknown}
 t - 5 potions of restore abilities
 A - 3 potions of heal wounds {unknown}
 C - a potion of mutation {unknown}
 H - 2 potions of might
 J - 2 potions of haste {unknown}
 N - 3 potions of poison {unknown}
 U - 2 potions of agility {unknown}
 X - a potion of brilliance {unknown}
Comestibles
 d - 5 bread rations
 h - 4 meat rations
 j - 7 royal jellies
 l - 4 beef jerkies
 u - 2 slices of pizza


   Skills:
 - Level 6.0(4.1) Fighting
 - Level 14.0(11.6) Maces & Flails
 + Level 9.2(7.1) Armour
 + Level 6.1(4.1) Dodging
 + Level 9.2(7.1) Shields
 - Level 8.0(5.9) Invocations


You had 10 spell levels left.
You didn't know any spells.

Dungeon Overview and Level Annotations

Branches:
Dungeon (10/15)            Temple (1/1) D:4            Lair (0/8) D:8
    Orc (2/4) D:10

Altars:
Cheibriados
Dithmenos
Elyvilon
Fedhas
Gozag
Kikubaaqudgha
Makhleb
Nemelex Xobeh
Okawaru
Qazlal
Ru
Sif Muna
Trog
Vehumet
Xom
The Shining One

Shops:
D:6 =   Orc:1 %

Annotations:
Orc:2 Nergalle


Innate Abilities, Weirdness & Mutations

You reflexively headbutt those who attack you in melee.
You have a pair of horns on your head.


Message History

Nergalle is almost dead.
You block Nergalle's attack.
The spectral orc warrior barely misses you.
You barely miss Nergalle.
Nergalle is almost dead.
The spectral orc hits you but does no damage.
The spectral orc barely misses you. Nergalle casts a spell at you.
The bolt of negative energy hits you!
You feel drained.
* * * LOW HITPOINT WARNING * * *
You hit Nergalle but do no damage.
Nergalle is almost dead.
You whack Nergalle!
You headbutt Nergalle, but do no damage.
Nergalle is almost dead.
The spectral orc warrior hits you but does no damage.
The spectral orc hits you but does no damage. x2
Nergalle gestures at you while chanting.
The bolt of negative energy hits you!
You feel drained.
You die...

.......## #
#......#
##.#......#
..........####
.............##
#.......)..#...#
.#.#...........##
........##Zo..###
......####@Z....##
........##)Z......#
..................#
.................##
#.###........####
#...)..##.##
###.........#
##........#.##
##...........#


You could see Nergalle, 2 spectral orcs and a spectral orc warrior.

Vanquished Creatures
  Harold (D:10)
  The ghost of TittyCrusher the Basher, an experienced DgWn (D:9)
  Erolcha (D:8)
  A hill giant (D:10)
  An elephant (D:8)
  Maurice (D:8)
  A queen bee (D:8)
  Prince Ribbit (Orc:1)
  3 trolls
  A deep elf mage (D:10)
  A hungry ghost (D:7)
  Eustachio (Orc:2)
  Grum (D:8)
  6 yaks (D:10)
  A water moccasin (D:10)
  7 ice beasts
  5 wolves
  3 sky beasts
  6 phantoms
  6 orc warriors
  2 black bears
  7 ogres
  A crocodile (D:8)
  5 centaurs
  Blork the orc (D:9)
  6 giant frogs
  4 jellies
  3 scorpions
  29 killer bees
  A giant frog zombie (D:8)
  4 wights (D:9)
  5 crimson imps
  A gnoll shaman (D:6)
  A centaur zombie (D:8)
  4 goliath beetles
  4 hounds
  2 iguanas
  5 orc priests
  4 orc wizards
  7 worker ants
  A sheep (D:8)
  Jessica (D:2)
  A centaur simulacrum (D:10)
  A river rat (Orc:2)
  6 gnolls (D:6)
  12 adders
  A shadow imp (D:5)
  A white imp (D:10)
  A worm (D:2)
  4 giant mites
  An ufetubus (D:9)
  2 adder skeletons
  An adder zombie (D:5)
  44 orcs
  2 ball pythons
  20 bats
  4 giant cockroaches
  10 goblins
  20 hobgoblins
  3 jackals (D:2)
  12 kobolds
  4 quokkas
  4 giant geckos
  A giant gecko skeleton (D:6)
  8 giant newts
  A quokka skeleton (D:8)
  3 quokka zombies
  11 rats
  4 ballistomycetes
329 creatures vanquished.

Vanquished Creatures (others)
  A killer bee (D:10)
  2 giant spores
  A plant (D:6)
4 creatures vanquished.

Grand Total: 333 creatures vanquished

Notes
Turn   | Place    | Note
--------------------------------------------------------------
     0 | D:1      | jacksonaction, the Minotaur Fighter, began the quest for the Orb.
     0 | D:1      | Reached XP level 1. HP: 19/19 MP: 1/1
   193 | D:1      | Reached XP level 2. HP: 27/27 MP: 1/1
   351 | D:1      | Reached skill level 4 in Armour
   820 | D:2      | Reached XP level 3. HP: 23/33 MP: 2/2
  1318 | D:2      | Reached XP level 4. HP: 35/40 MP: 2/2
  1421 | D:2      | Noticed Jessica
  1424 | D:2      | Killed Jessica
  2075 | D:3      | Found a burning altar of Makhleb.
  2089 | D:3      | Reached XP level 5. HP: 33/47 MP: 2/2
  2447 | D:4      | Reached skill level 5 in Shields
  2519 | D:4      | Reached skill level 5 in Armour
  2764 | D:4      | Noticed an orc warrior
  2784 | D:4      | Killed an orc warrior
  2784 | D:4      | Reached skill level 5 in Fighting
  2784 | D:4      | Reached XP level 6. HP: 32/56 MP: 3/3
  3045 | D:4      | Noticed a phantom
  3086 | D:4      | Killed a phantom
  3086 | D:4      | Reached skill level 5 in Maces & Flails
  3088 | D:4      | Found a staircase to the Ecumenical Temple.
  3112 | Temple   | Entered the Ecumenical Temple
  3140 | Temple   | Became a worshipper of Warmaster Okawaru
  3415 | D:4      | Noticed an ogre
  3446 | D:4      | Killed an ogre
  3446 | D:4      | Reached XP level 7. HP: 55/61 MP: 3/3
  3476 | D:4      | Identified the Tome of the Supportive Oath (You found it on level 4 of the Dungeon)
  3538 | D:5      | Entered Level 5 of the Dungeon
  3974 | D:5      | Reached skill level 6 in Armour
  4067 | D:5      | Found a stormy altar of Qazlal.
  4205 | D:5      | Acquired Okawaru's first power
  4621 | D:5      | Reached skill level 1 in Invocations
  4977 | D:6      | Found a blossoming altar of Fedhas.
  4977 | D:6      | Found a deep blue altar of Sif Muna.
  5002 | D:6      | Found a sacrificial altar of Ru.
  5090 | D:6      | Reached XP level 8. HP: 70/70 MP: 6/6
  5168 | D:6      | Reached skill level 7 in Maces & Flails
  5634 | D:6      | Found a blossoming altar of Fedhas.
  5744 | D:6      | Reached skill level 8 in Maces & Flails
  6058 | D:6      | Reached skill level 5 in Invocations
  6119 | D:6      | Found Riuwn's Jewellery Boutique.
  6265 | D:6      | Reached skill level 9 in Maces & Flails
  6442 | D:7      | Reached XP level 9. HP: 54/75 MP: 11/11
  6449 | D:7      | Reached skill level 10 in Maces & Flails
  6912 | D:7      | Reached skill level 11 in Maces & Flails
  7713 | D:8      | You fall through a shaft for 2 floors!
  7713 | D:10     | Entered Level 10 of the Dungeon
  7779 | D:9      | Reached skill level 12 in Maces & Flails
  7906 | D:9      | Reached skill level 1 in Dodging
  7956 | D:9      | Found a bloodstained altar of Trog.
  8122 | D:9      | Noticed TittyCrusher's ghost (experienced DgWn)
  8139 | D:9      | Killed TittyCrusher's ghost
  8139 | D:9      | Reached XP level 10. HP: 69/83 MP: 9/12
  8283 | D:9      | Noticed Blork the orc
  8292 | D:9      | Killed Blork the orc
  8316 | D:9      | Acquired Okawaru's second power
  8918 | D:8      | Noticed Maurice
  8935 | D:8      | Killed Maurice
  8935 | D:8      | Reached skill level 5 in Dodging
  9056 | D:8      | Found a staircase to the Lair.
  9056 | D:8      | Noticed an elephant
  9081 | D:8      | Killed an elephant
  9406 | D:8      | Found a burning altar of Makhleb.
  9623 | D:8      | Noticed Grum
  9641 | D:8      | Killed Grum
  9646 | D:8      | Received a gift from Okawaru
  9668 | D:8      | Reached XP level 11. HP: 67/89 MP: 13/16
  9795 | D:8      | Noticed Erolcha
  9808 | D:8      | Killed Erolcha
 10275 | D:10     | Noticed a hill giant
 10295 | D:10     | Killed a hill giant
 10586 | D:10     | Reached skill level 13 in Maces & Flails
 10806 | D:10     | Found a shadowy altar of Dithmenos.
 10903 | D:10     | Noticed Harold
 10940 | D:10     | Killed Harold
 11287 | D:10     | Found a staircase to the Orcish Mines.
 11491 | D:10     | Reached skill level 14 in Maces & Flails
 11674 | D:6      | Bought an uncursed ring of see invisible for 165 gold pieces
 11674 | D:6      | Bought an uncursed amulet of clarity for 220 gold pieces
 11804 | Orc:1    | Entered Level 1 of the Orcish Mines
 11824 | Orc:1    | Noticed Prince Ribbit
 11841 | Orc:1    | Killed Prince Ribbit
 11880 | Orc:2    | Noticed Eustachio
 11923 | Orc:2    | Killed Eustachio
 12106 | Orc:1    | Found Thruxtiw's Food Emporium.
 12197 | Orc:2    | Noticed Nergalle
 12258 | Orc:2    | Killed from afar by Nergalle

Action                   |  1- 3 |  4- 6 |  7- 9 | 10-12 || total
-------------------------+-------+-------+-------+-------++-------
Melee: Flail             |   112 |     3 |       |       ||   115
       Whip              |       |   142 |   550 |   865 ||  1557
Throw: Stone             |       |    32 |    60 |       ||    92
       Tomahawk          |       |       |    11 |    23 ||    34
       Throwing net      |       |       |       |     1 ||     1
Invok: Heroism           |       |       |     6 |     9 ||    15
       Finesse           |       |       |       |     2 ||     2
  Use: Potion            |       |     1 |     1 |     1 ||     3
       Scroll            |       |       |     3 |     8 ||    11
  Eat: Chunk             |     1 |     7 |    34 |    15 ||    57
